 Dungeon Crawl Stone Soup version 0.27.1-4-g1640c2035a (webtiles) character file.

Game seed: 2639902346818463741

138 tizbic2 the Stinger (level 4, -11/36 HPs)
             Began as a Demigod Venom Mage on Nov 15, 2021.
             Killed from afar by an orc wizard (12 damage)
             ... with a puff of flame
             ... on level 3 of the Dungeon.
             The game lasted 00:21:26 (1935 turns).

tizbic2 the Stinger (Demigod Venom Mage)            Turns: 1935, Time: 00:21:27

Health: -11/36     AC:  4    Str: 19    XL:     4   Next: 70%
Magic:  7/10       EV: 12    Int: 17    God:
Gold:   50         SH:  0    Dex: 14    Spells: 2/7 levels left

rFire    . . .     SeeInvis .   n - +4 club
rCold    . . .     Faith    .   (no shield)
rNeg     . . .     Spirit   .   h - +0 leather armour
rPois    +         Reflect  .   (no helmet)
rElec    .         Harm     .   (no cloak)
rCorr    .         Rampage  .   k - +0 pair of gloves
Will     .....                  (no boots)
Stlth    ++........             (no amulet)
HPRegen  0.12/turn              f - +6 ring of strength
MPRegen  0.12/turn              o - ring of poison resistance

@: no status effects
A: high mp 1, forlorn
a: no special abilities


You were on level 3 of the Dungeon.
You visited 1 branch of the dungeon, and saw 3 of its levels.

You collected 95 gold pieces.
You spent 45 gold pieces at shops.

Inventory:

Hand Weapons
 g - a +0 trident
 n - a +4 club (weapon)
Missiles
 c - 58 stones (quivered)
Armour
 h - a +0 leather armour (worn)
 k - a +0 pair of gloves (worn)
Jewellery
 f - a +6 ring of strength (left hand)
 o - a ring of poison resistance (right hand)
Wands
 m - a wand of paralysis (1)
Scrolls
 a - a scroll of blinking {unknown}
 b - a scroll of enchant armour {unknown}
 e - 2 scrolls of noise {unknown}
 i - a scroll of identify
Potions
 d - 2 potions of flight
 j - 2 potions of curing {unknown}
 l - a potion of degeneration {unknown}


   Skills:
 * Level 1.8 Fighting
 + Level 1.1 Polearms
 * Level 2.7 Dodging
 - Level 1.7 Stealth
 + Level 2.3 Spellcasting
 - Level 0.8 Transmutations
 * Level 3.5 Poison Magic


You had 2 spell levels left.
You knew the following spells:

 Your Spells              Type           Power      Damage    Failure   Level
a - Sting                 Tmut/Pois      36%        1d4       9%          1
b - Olgreb's Toxic Radia  Pois           14%        N/A       45%         4

Your spell library contained the following spells:

 Spells                   Type           Power      Damage    Failure   Level
 Poisonous Vapours        Pois/Air       14%        N/A       16%         2
 Mephitic Cloud           Conj/Pois/Air  5%         N/A       38%         3


Dungeon Overview and Level Annotations

Branches:
Dungeon (3/15)

Shops:
D:2 [


Innate Abilities, Weirdness & Mutations

Your attributes grow dramatically as you level up.
You have an increased reservoir of magic. (+10% MP)
You shall have no god before yourself.


Message History

An orc wizard comes into view.
It is wielding a +1 dagger of holy wrath.
The orc wizard shouts!
An orc comes into view. It is wielding a +0 club.
A rat comes into view.
A ball python comes into view.
Casting: Sting (safe; 9% risk of failure)
Confirm with . or Enter, or press ? or * to list all spells.
Aiming: Sting (safe; 9% risk of failure)
Press: ? - help, Shift-Dir - straight line, f - orc wizard
Aim: an orc wizard, wielding a +1 dagger of holy wrath and wearing a +0 robe (60% to hit)
The sting hits the orc wizard but does no damage.
The orc wizard is poisoned.
The orc shouts!
The ball python hisses angrily.
An orc priest comes into view. It is wielding a +0 club.
The orc wizard casts a spell at you.
You are confused.
The orc wizard casts a spell at you. The puff of flame hits you.
You're too confused to cast spells.
Sorry, you're not good enough to have a special ability.
You miss the orc wizard.
The orc wizard is lightly wounded.
The orc wizard gestures at you while chanting.
The magic dart hits you!
The orc priest shouts!
The orc wizard looks more healthy.
The ball python closely misses you. The ball python grabs you.
The ball python constricts you.
The orc priest mumbles some strange prayers to Beogh against you.
Beogh smites you!
* * * LOW HITPOINT WARNING * * *
You escape the ball python's grasp.
The ball python barely misses you. The ball python grabs you.
The ball python constricts you.
You escape the ball python's grasp.
You feel less confused. The orc closely misses you.
The orc priest invokes the aid of Beogh against you.
Beogh smites you!
* * * LOW HITPOINT WARNING * * *
The orc wizard casts a spell at you. The puff of flame hits you!
You die...

.......#
#.#.#.#...#.#########
.......# #.#.#.........#
.###'### #.#.......#.#.#
.# #.#####.........#.#.#
.###.)......###....†.#.#
....).......# #........#
.###........# #....#####
.# #........# #....# >#
############.@..# ##
#........r..# #
#......o.o..## #
#.......S....# #
#####........# #####
#........# ....#
#........# ....#
######...o....#
....###....#........#


You could see an orc priest, an orc wizard, an orc, a ball python and a rat.

Vanquished Creatures
  Jessica (D:3)
  Ijyb (D:3)
  3 adders
  A white imp (D:3)
  A worm (D:2)
  A dart slug (D:2)
  An orc (D:3)
  4 bats
  9 endoplasms
  2 giant cockroaches
  6 goblins
  A hobgoblin (D:3)
  2 jackals (D:1)
  2 quokkas
  6 ball pythons
  3 frilled lizards
  A kobold (D:3)
  5 rats
50 creatures vanquished.

Notes
Turn   | Place    | Note
-------+----------+-------------------------------------------
     0 | D:1      | tizbic2 the Demigod Venom Mage began the quest for the Orb.
     0 | D:1      | Reached XP level 1. HP: 14/14 MP: 5/5
   433 | D:1      | Reached skill level 3 in Poison Magic
   433 | D:1      | Reached XP level 2. HP: 20/20 MP: 5/7
   959 | D:2      | Reached XP level 3. HP: 27/27 MP: 6/8
  1080 | D:2      | Reached skill level 1 in Fighting
  1202 | D:2      | Found Qioss's Armour Emporium.
  1229 | D:2      | Bought a +0 pair of gloves for 45 gold pieces
  1315 | D:3      | Found Vizum's Jewellery Shop.
  1317 | D:3      | Noticed Jessica
  1322 | D:3      | Killed Jessica
  1323 | D:3      | Reached XP level 4. HP: 35/35 MP: 7/10
  1481 | D:3      | Noticed Ijyb
  1502 | D:3      | Paralysed by Ijyb for 5 turns
  1511 | D:3      | Killed Ijyb
  1512 | D:3      | Reached skill level 1 in Polearms
  1731 | D:3      | Learned a level 4 spell: Olgreb's Toxic Radiance
  1935 | D:3      | HP: 1/36 [orc priest/divine providence (10)]
  1935 | D:3      | Killed from afar by an orc wizard

Illustrated notes

Levels and vault maps discovered:
D:1:      minmay_arrival_diagonal_passages, layout_rooms, serial_rivers,
          chequers_serial_rivers_marsh, chequers_serial_rivers_micro_c,
          chequers_serial_rivers_small_b, chequers_serial_rivers_micro_a,
          chequers_serial_rivers_micro_c
D:2:      layout_rooms, serial_shops, shop_statue, grunt_ministairs_8
D:3:      layout_basic, serial_shops, shop_fountains, uniq_jessica, uniq_ijyb

Skill      XL: |  1  2  3  4 |
---------------+-------------+-----
Dodging        | 2 |  2.7
Spellcasting   | 2 |  2.3
Poison Magic   | 3 |  3.5
Fighting       | 1 |  1.8
Polearms       | 1 |  1.1
Stealth        | |  1.7
Transmutations | |  0.8

Action                   |  1- 3 |  4- 6 || total
-------------------------+-------+-------++-------
Melee: Dagger            |     6 |       ||     6
       Trident           |    49 |     8 ||    57
       Unarmed           |     1 |       ||     1
       Club              |       |     7 ||     7
Throw: Stone             |     5 |     3 ||     8
 Cast: Sting             |    43 |    21 ||    64
       Olgreb's Toxic Ra |       |     1 ||     1
  Use: Scroll            |       |     1 ||     1
 Stab: Sleeping          |     1 |       ||     1
Armor: Robe              |     5 |       ||     5
       Leather armour    |     2 |     4 ||     6
Dodge: Dodged            |    28 |    12 ||    40
